 Dungeon Crawl Stone Soup version 0.18.1-8-gdd0e5ea (webtiles) character file.

47 Gargoyl the Skirmisher (level 3, 0/29 HPs)
             Began as a Demonspawn Abyssal Knight on June 3, 2016.
             Was a Follower of Lugonu.
             Slain by a rat (3 damage)
             ... on level 2 of the Dungeon.
             The game lasted 00:03:17 (2360 turns).

Gargoyl the Skirmisher (Demonspawn Abyssal Knight)  Turns: 2360, Time: 00:03:17

Health: 0/29       AC:  3    Str: 12 (13) XL:     3   Next: 48%
Magic:  4/4        EV: 17    Int: 10 (13) God:    Lugonu [*.....]
Gold:   87         SH:  0    Dex: 16 (17) Spells: 0 memorised, 2 levels left

rFire  . . .     SeeInvis .     a - +1 hand axe
rCold  . . .     Gourm    .     b - +0 leather armour
rNeg   + . .     Faith    .     (no shield)
rPois  .         Spirit   .     (helmet restricted)
rElec  .         Dismiss  .     (no cloak)
rCorr  .         Reflect  .     (no gloves)
SustAt .         Harm     .     (no boots)
MR     .....                    (no amulet)
Stlth  ++........               (no ring)
                                d - ring of positive energy

@: agile, lethally poisoned (0 -> -4), not resistant to hostile enchantments,
unstealthy
A: horns 1, powered by death 1
a: Depart the Abyss, Renounce Religion


You were on level 2 of the Dungeon.
You worshipped Lugonu.
Lugonu was aware of your devotion.
You were not hungry.

You visited 1 branch of the dungeon, and saw 2 of its levels.
You visited the Abyss 1 time.

You collected 87 gold pieces.

Inventory:

Hand Weapons
 a - a +1 hand axe (weapon)
Missiles
 k - 3 tomahawks (quivered)
Armour
 b - a +0 leather armour (worn)
Jewellery
 d - a ring of positive energy (left hand)
 e - an uncursed ring of protection from magic {unknown}
Scrolls
 j - a scroll of enchant weapon {unknown}
Comestibles
 c - 2 bread rations
 f - a meat ration
 i - a slice of pizza


   Skills:
 + Level 3.6 Fighting
 + Level 2.0 Axes
 + Level 2.1 Armour
 + Level 1.6 Dodging
 + Level 0.2 Stealth
 + Level 2.6 Invocations


You had 2 spell levels left.
You didn't know any spells.

Dungeon Overview and Level Annotations

Branches:
Dungeon (2/15)

Altars:


Innate Abilities, Weirdness & Mutations

You have a pair of small horns on your head.
You regenerate a little health from kills.


Message History

You feel agile all of a sudden.
* * * LOW HITPOINT WARNING * * *
You feel sick.
* * * LOW HITPOINT WARNING * * *
You feel sick.
* * * LOW HITPOINT WARNING * * *
You feel sick.
* * * LOW HITPOINT WARNING * * *
You feel sick.
* * * LOW HITPOINT WARNING * * *
You feel sick.
* * * LOW HITPOINT WARNING * * *
You feel sick.
You open the door.
A rat comes into view.
* * * LOW HITPOINT WARNING * * *
You feel sick.
There is an open door here.
The rat bites you.
You die...

# # # # ##+## .# #
##...## ##. # ##.....##
.. # ## ##.......##
.#.##
.####.........###....##
....'.........'.@r....#
.####.........###....##
## ##.......## ...## #
##.....## ...# ..
##...## #.## ... ##+##
+# ...# #### #


You could see a rat.

Vanquished Creatures
  An adder (D:2)
  An ooze (D:1)
  A dart slug (D:1)
  A giant gecko (D:2)
  4 bats
  2 giant cockroaches (D:1)
  4 hobgoblins (D:1)
  2 jackals (D:1)
  A giant newt (D:1)
  5 goblins
  4 kobolds
  5 rats
  A bush (D:1)
  A plant (D:1)
33 creatures vanquished.

Vanquished Creatures (others)
  2 fungi (D:1)
2 creatures vanquished.

Grand Total: 35 creatures vanquished

Notes
Turn   | Place    | Note
--------------------------------------------------------------
     0 | Abyss:1  | Gargoyl the Demonspawn Abyssal Knight began the quest for the Orb.
     0 | Abyss:1  | Reached XP level 1. HP: 18/18 MP: 2/2
     8 | Abyss:1  | Found a corrupted altar of Lugonu.
    45 | Abyss:2  | Found a corrupted altar of Lugonu.
    82 | Abyss:2  | Noticed a small abomination
    82 | Abyss:2  | Noticed a raiju
    82 | Abyss:2  | Noticed a red very ugly thing
    83 | Abyss:2  | Noticed a crimson imp
    83 | D:1      | Escaped the Abyss
   285 | D:1      | Reached skill level 1 in Dodging
   484 | D:1      | Gained mutation: You have a pair of small horns on your head. [demonic ancestry]
   484 | D:1      | Reached XP level 2. HP: 10/24 MP: 3/3
   855 | D:1      | Reached * piety under Lugonu
  1223 | D:1      | HP: 1/24 [hobgoblin/club (4)]
  1746 | D:1      | Gained mutation: You regenerate a little health from kills. [demonic ancestry]
  1746 | D:1      | Reached XP level 3. HP: 29/29 MP: 4/4
  2360 | D:2      | Slain by a rat

Skill      XL: |  1  2 |
---------------+-------+-----
Dodging        | 1 |  1.6
Axes           | 2 |  2.0
Armour         | 2 |  2.1
Fighting       | |  3.6
Stealth        | |  0.2
Invocations    | |  2.6

Action                   || total
-------------------------++-------
Melee: Hand axe          ||   242
       Headbutt          ||    49
Invok: Depart the Abyss  ||     1
  Use: Potion            ||     3
  Eat: Chunk             ||     4
       Fruit             ||     2
Armor: Leather armour    ||    20
Dodge: Dodged            ||    60
